Cogmind - Beta 10.1 @@@ ROGUE MODE // 2021.07.03 @ 20:37:32 Player: W-ALTER Result: Destroyed by S-10 Pest with Light Assault Rifle Performance ------------- Evolutions (1) 500 Regions Visited (2) 400 Robots Destroyed (7) 35 Value Destroyed (146) 146 Prototype IDs (0) 0 Alien Tech Used (0) 0 Bonus (0) 0 TOTAL SCORE: 1081 Bonus ------- None Cogmind --------- Core Integrity 0/400 Matter 143/300 Energy 100/100 System Corruption 5% Temperature Cool (0) Movement Core (50) Location -9/Materials Parts ------- > --- POWER (1) -------- (None) > --- PROPULSION (2) --- (None) > --- UTILITY (4) ------ Visual Processing Unit > --- WEAPON (2) ------- (None) > --- INVENTORY (4) ---- Large Storage Unit Peak State ------------ > --- POWER ------------ Light Ion Engine > --- PROPULSION ------- Wheel Wheel > --- UTILITY ---------- Small Storage Unit ECM Suite > --- WEAPON ----------- Assault Rifle Grenade Launcher > --- INVENTORY -------- (None) [Rating: 7] Favorites ----------- Power Light Ion Engine Engine Light Ion Engine Propulsion Wheel Wheel Wheel Hover Unit Hover Unit Flight Unit Flight Unit Utility ECM Suite Device ECM Suite Storage Small Storage Unit Processor Visual Processing Unit Protection Core Shielding Weapon Assault Rifle Ballistic Gun Assault Rifle Launcher Grenade Launcher Special Melee Weapon Datajack Build | -11 -10 -9 ------- Run | Scr Mat Mat Slots Evolved 2 | . . 2 Power . | . . . Propulsion . | . . . Utility 2 | . . 2 Weapon . | . . . Parts Attached 17 | 5 6 6 Power 1 | 1 . . Engine 1 | 1 . . Core . | . . . Reactor . | . . . Propulsion 4 | 2 1 1 Treads . | . . . Leg . | . . . Wheel 2 | 2 . . Hover 1 | . 1 . Flight 1 | . . 1 Utility 6 | . 3 3 Device 2 | . 2 . Storage 2 | . 1 1 Processor 1 | . . 1 Hackware . | . . . Protection 1 | . . 1 Artifact . | . . . Weapon 6 | 2 2 2 Energy Gun . | . . . Energy Cannon . | . . . Ballistic Gun 4 | 2 . 2 Ballistic Cannon . | . . . Launcher 1 | . 1 . Special Weapon . | . . . Impact Weapon . | . . . Slashing Weapon . | . . . Piercing Weapon . | . . . Special Melee Weapon 1 | . 1 . Unidentified Prototypes . | . . . Parts Lost 10 | . 3 7 Power 1 | . . 1 Propulsion 2 | . 1 1 Utility 3 | . . 3 Weapon 4 | . 2 2 Highest Loss Streak 7 | . 3 7 Average Slot Usage (%) 67 | . 83 49 Engine 10 | . 14 7 Wheel 6 | . 12 . Hover 3 | . 6 . Device 21 | . 23 18 Storage 1 | . 1 . Processor 5 | . . 11 Ballistic Gun 8 | . 7 8 Launcher 6 | . 12 . Special Melee Weapon 2 | . 4 . Naked Turns . | . . . Heaviest Build 23 | 7 13 23 Greatest Support 20 | 20 20 4 Greatest Overweight (x) 7 | . 2 7 Average Overweight (x) . | . . 1 Largest Inventory Capacity 10 | 4 6 10 Average Capacity 4 | 4 4 4 Most Carried 4 | 2 3 4 Average Carried 1 | . 1 1 Final Capacity 4 | 4 4 4 Final Carried 3 | . 3 1 Class Distribution -------------------- 100% | Mutant Dominant Class ---------------- Mutant | -10/Materials Mutant | -9/Materials Resources | -11 -10 -9 ----------- Run | Scr Mat Mat Matter Collected 272 | 236 16 20 Remotely . | . . . Salvage Created 179 | 97 62 20 Parts 15 | 6 7 2 Haulers Intercepted . | . . . Recyclers Shooed . | . . . Parts Field Recycled . | . . . Retrieved Matter . | . . . Parts Self-Destructed . | . . . Prevented . | . . . Kills | -11 -10 -9 ------- Run | Scr Mat Mat Combat Hostiles Destroyed 4 | 1 2 1 Melee 1 | . . 1 Guns 1 | 1 . . AOE 2 | . 2 . Classes Destroyed 5 | 3 1 1 Worker 1 | 1 . . Tunneler 1 | 1 . . Watcher 1 | . 1 . Swarmer 1 | . . 1 Grunt 3 | 1 2 . Best Kill Streak 3 | 3 3 1 Combat Bots Only 2 | 1 2 1 Max Kills in Single Turn 1 | 1 1 1 Gunslinging . | . . . Exploded 1 | . 1 . Melee 1 | . . 1 Uniques/NPCs Destroyed . | . . . Combat | -11 -10 -9 -------- Run | Scr Mat Mat Damage Taken 966 | 45 219 702 Core 481 | . 74 407 Absorbed by Shields . | . . . Core Remaining (%) 85 | 100 70 . Volleys Fired 29 | 5 3 21 Largest 2 | 2 1 1 Hottest 40 | 40 30 20 Shots Fired 34 | 10 3 21 Gun 31 | 10 . 21 Cannon . | . . . Launcher 3 | . 3 . Special . | . . . Kinetic 31 | 10 . 21 Thermal . | . . . Explosive 3 | . 3 . Electromagnetic . | . . . Robot Hit Streak 9 | 5 7 9 Robot Miss Streak 4 | 1 . 4 Penetration Max . | . . . Secondary Targets . | . . . Shots Hit Robots 30 | 7 9 14 Core Hits 12 | 4 4 4 Critical Hits . | . . . Critical Kills . | . . . Critical Parts Destroyed . | . . . Melee Attacks 7 | . 7 . Impact . | . . . Slashing . | . . . Piercing . | . . . Sneak Attacks 2 | . 2 . Combat Hostiles . | . . . Follow-up Attacks . | . . . Damage Inflicted 440 | 120 126 194 Guns 302 | 120 . 182 Cannons . | . . . Explosions 126 | . 126 . Melee . | . . . Ramming 12 | . . 12 Kinetic 302 | 120 . 182 Thermal . | . . . Explosive 126 | . 126 . Electromagnetic . | . . . Impact . | . . . Slashing . | . . . Piercing . | . . . Highest Corruption 5 | . . 5 Average Corruption 5 | . . 5 Corruption Purged . | . . . Effects 1 | . . 1 Matter Fused 1 | . . 1 Overload Shots . | . . . Overflow Damage . | . . . Projectiles . | . . . Explosions . | . . . Melee . | . . . Knockbacks . | . . . Impact . | . . . Kinetic . | . . . Secondary . | . . . Self-Inflicted Damage 79 | . 73 6 Shots 2 | . 2 . Rammed 5 | . . 5 Targets Rammed 5 | . . 5 Kicked . | . . . Crushed . | . . . Highest Temperature 6 | . 4 6 Average Temperature 4 | . 3 6 Received Heat Transfer 300 | 24 84 192 Siege Activations . | . . . Robots Corrupted . | . . . Combat Hostiles . | . . . Parts Fried . | . . . Impact Corruptions . | . . . Robots Melted . | . . . Combat Hostiles . | . . . Parts Melted . | . . . Heat Transferred . | . . . Parts Sabotaged . | . . . Parts Stolen . | . . . Parts Stripped . | . . . Power Chain Reactions . | . . . Missiles Intercepted . | . . . Alert | -11 -10 -9 ------- Run | Scr Mat Mat Peak Influence 139 | 30 139 99 Initial 53 | . 19 53 Average 55 | 4 53 80 Maximum Alert Level . | . . . Low Security (%) 100 | 100 100 100 Level 1 . | . . . Level 2 . | . . . Level 3 . | . . . Level 4 . | . . . Level 5 . | . . . High Security . | . . . Max Security . | . . . Squads Dispatched 5 | . 1 4 Investigation 1 | . . 1 Extermination . | . . . Reinforcement 4 | . 1 3 Assault . | . . . Garrison . | . . . Intercept . | . . . Construction Impeded . | . . . Haulers Reinforced . | . . . Stealth | -11 -10 -9 --------- Run | Scr Mat Mat Distress Signals . | . . . Communications Jammed . | . . . Distress Signals . | . . . Times Spotted 32 | 1 11 20 Peak Tracking Total 12 | 1 4 12 Tactical Retreats 3 | . 2 1 Traps | -11 -10 -9 ------- Run | Scr Mat Mat Traps Triggered . | . . . Indirectly . | . . . Trap Hack Attempts . | . . . Triggered . | . . . Disarmed . | . . . Reprogrammed . | . . . Reused . | . . . Traps Extracted . | . . . Installed . | . . . Triggered . | . . . Machines | -11 -10 -9 ---------- Run | Scr Mat Mat Machines Disabled 1 | . 1 . Max in Single Turn 1 | . 1 . Machines Sabotaged . | . . . Garrisons Compromised . | . . . Overloaded Fab Kills . | . . . Fab Network Shutdowns . | . . . Hacking | -11 -10 -9 --------- Run | Scr Mat Mat Machines Accessed 2 | . 1 1 Terminals 2 | . 1 1 Fabricators . | . . . Repair Stations . | . . . Recycling Units . | . . . Scanalyzers . | . . . Garrison Access . | . . . Total Hacks 8 | . 4 4 Successful 7 | . 4 3 Failed 1 | . . 1 Catastrophic 1 | . . 1 Database Lockouts . | . . . Manual . | . . . Terminals 8 | . 4 4 Fabricators . | . . . Repair Stations . | . . . Recycling Units . | . . . Scanalyzers . | . . . Garrison Access . | . . . Terminal Hacks 7 | . 4 3 Record 2 | . 2 . Branch Access Points 1 | . . 1 Repair Station Index 1 | . 1 . Scanalyzer Index 1 | . . 1 Recall Assault 1 | . . 1 Zone Layout 1 | . 1 . Fabricator Hacks . | . . . Repair Station Hacks . | . . . Recycling Unit Hacks . | . . . Scanalyzer . | . . . Garrison Access Hacks . | . . . Unauthorized Hacks . | . . . Terminals . | . . . Fabricators . | . . . Repair Stations . | . . . Recycling Units . | . . . Scanalyzers . | . . . Garrison Access . | . . . Data Cores Recovered . | . . . Used . | . . . Hacking Detections 1 | . . 1 Full Trace Events 1 | . . 1 Feedback Events . | . . . Feedback Blocked . | . . . Robot Schematics Acquired . | . . . Robots Built . | . . . Matter . | . . . Time . | . . . Total Robot Build Rating . | . . . Part Schematics Acquired . | . . . Parts Built . | . . . Matter . | . . . Time . | . . . Total Part Build Rating . | . . . Parts Repaired . | . . . Time . | . . . Parts Recycled . | . . . Recycled Matter . | . . . Retrieved Matter . | . . . Retrieved Components . | . . . Parts Scanalyzed . | . . . Part Schematics Acquired . | . . . Parts Damaged . | . . . Bothacking | -11 -10 -9 ------------ Run | Scr Mat Mat Used RIF Installer . | . . . Robots Hacked 5 | . 5 . Non-combat 3 | . 3 . Combat 2 | . 2 . Robot Hacks Applied 7 | . 7 . parse_system 5 | . 5 . no_distress 1 | . 1 . find_recycling 1 | . 1 . Relay Couplers Released . | . . . Robots Rewired . | . . . Allies Hacked . | . . . Hacks Repelled . | . . . Allies | -11 -10 -9 -------- Run | Scr Mat Mat Total Allies . | . . . Largest Group . | . . . Highest-Rated Group . | . . . Highest-Rated Ally . | . . . Total Orders . | . . . Ally Attacks . | . . . Total Damage . | . . . Kills . | . . . Allies Corrupted . | . . . Allies Melted . | . . . Intel | -11 -10 -9 ------- Run | Scr Mat Mat Robot Analysis Total . | . . . Derelict Logs Recovered . | . . . Drone Launches . | . . . Drone Recoveries . | . . . Exploration | -11 -10 -9 ------------- Run | Scr Mat Mat Turns Passed 392 | 65 178 149 Spaces Moved 290 | 58 141 91 Core 93 | 19 19 55 Treads . | . . . Legs . | . . . Wheels 116 | 39 77 . Hover 45 | . 45 . Flight 36 | . . 36 Fastest Speed 40 | 50 80 40 Average Speed 93 | 70 97 101 Slowest Speed 400 | 80 150 400 Overloaded Moves . | . . . Propulsion Burnouts . | . . . Robots Hopped 6 | . . 6 Cave-ins Triggered . | . . . Exploration Rate (%) 14 | 6 22 14 Regions Visited 2 Branch Regions . Pre-discovered Areas . | . . . Known Exits Taken . | . . . Unknown Exits Taken 2 | 1 1 . Scrap Searched . | . . . Spaces Dug . | . . . Terrain Destroyed 21 | . 21 . Melee . | . . . Projectile . | . . . AOE 21 | . 21 . Terrain Rammed . | . . . Walls Destroyed . | . . . Machines Disabled . | . . . Actions | -11 -10 -9 --------- Run | Scr Mat Mat Total 367 | 72 174 121 Wait 5 | . 5 . Move 277 | 57 140 80 Hop 5 | . . 5 Pick Up 16 | 5 8 3 Fast Attach . | . . . Attach 17 | 5 6 6 Detach 2 | . 1 1 Swap . | . . . Drop 4 | . 4 . Fire 29 | 5 3 21 Melee 7 | . 7 . Ram 5 | . . 5 Kick . | . . . Crush . | . . . Escape Stasis . | . . . Rewire . | . . . Trap . | . . . Miscellaneous . | . . . Route ------- -11/Scrapyard -10/Materials -9/Materials (discovered 1 exit: Min) History --------- Turn | Location | Event 2 | -11/Scrapyard | Met Revision 17 49 | -11/Scrapyard | Discovered new exit (range 8) 66 | -11/Scrapyard | Entered Materials 231 | -10/Materials | Discovered new exit (range 13) 244 | -10/Materials | Entered another Materials area 244 | -9/Materials | Evolved 2 slots: Utility x2 261 | -9/Materials | Lost 3 parts (1n2w) 302 | -9/Materials | Build established: Mutant 338 | -9/Materials | Identified exit to Mines 372 | -9/Materials | Core integrity fell below 50% 387 | -9/Materials | Core integrity fell below 20% 393 | -9/Materials | Destroyed by S-10 Pest with Light Assault Rifle Last Messages --------------- 00365_ Slammed into S-10 Pest. 00365_ S-10 Pest destroyed. 00365_ ECM Suite destroyed. 00365_ System corrupted by crushing effect (+5). 00366_ Acquired 20 matter. 00367_ Acquired Lgt. Assault Rifle. 00369_ K-01 Serf collects debris. 00370_ Acquired Flight Unit. 00371_ System corrupted: Matter fused (-9). Flying robots can pass through spaces occupied by others, even hostile robots. 00373_ K-01 Serf collects debris. 00376_ Lgt. Assault Rifle destroyed. 00377_ ECM Suite destroyed. 00379_ K-01 Serf cleans the Material Processor. 00384_ K-01 Serf collects debris. 00385_ K-01 Serf destroyed. 00386_ R-06 Scavenger collects Lgt. Ion Engine. 00386_ Core Shielding destroyed. 00391_ K-01 Serf collects debris. 00392_ Flight Unit destroyed. Map ----- +----------------------------------------------------+ | | | | | | | | | | | | | | | | | ?????????????????????????????????????????????????? | | ?????????????????????????????????????????????????? | | ?????????????????????????????????????????????????? | | ?????????????????????????????????????????????????? | | ?????????????????????????????????????????????????? | | ?????????????????????????????????????????????????? | | ?????????????????????????????????????????????????? | | ?????????????????????????????????????????????????? | | ?????????????????????######??????????????????????? | | ?????????????????????# ??????????????????????? | | ?????????????????????# ??????????????????????? | | ?????????????????????# Y ??????????????????????? | | ???????? ???????????# ??????????????????????? | | ???????? ???????????? ??????????????????????? | | ???????# ????????????# #??#####???????????????? | | ???????? ????????????# #?""" """??????????????? | | ???????# ????????????# #?""" """ #????????????? | | ???????? ############# @# """ """ #????????????? | | ???????? # #????????????? | | ???????? + #????????????? | | ???????# # #????????????? | | ????????# # ! #????????????? | | ????????# [ #? #????????????? | | ????????# t###########????????????? | | ????????#^ ^ ss o"#?????????????????????? | | ????????# gs T#?????????????????????? | | ???????## """ """ s "#?????????????????????? | | ???????#" """""k """"" s##?????????????????????? | | ???????#T """"" """""gs ###########???????????? | | ???????#" """"" =""""" ????????? | | ???????## """ =% """ ! ????????? | | ????????# ! ????????? | | ????????# ###+##########????????? | | ????????# #"T"###"T"######?????????????????????? | | ????????# #"""#?#"""#??????????????????????????? | | ######### #####?#####??????????????????????????? | | # #????????????????????????????????????? | | # ##########???????????????????????????? | | # # #???????????????????????????? | | # # """ #???????????????????????????? | | # # """ #???????????????????????????? | | + + """ #???????????????????????????? | +----------------------------------------------------+ Best States ------------- Heat Dissipation 28 Energy Generation 10 Energy Capacity 125 Matter Stores 280 Matter Capacity 300 Sight Range 18 Terrain Scan Density 10 ECM Strength 2 Core Shielding 20 Evasion (%) 62 Item Schematics ----------------- None Robot Schematics ------------------ None Fabricated ------------ Nothing Alien Tech Used ----------------- None Achievements -------------- None Challenges ------------ None Game ------ Seed TeslaSingularityEngine Manual? 0 Play Time 00:13:04 Cumulative 2.5 hours Start 2021.07.03 @ 20:21:41 End 2021.07.03 @ 20:37:32 Sessions 1 Manual Loads 0 Difficulty Rogue Special Mode None Game No. 5 Rogue 5 Adventurer 0 Explorer 0 Win Type - Total 0 Types 0/0/0/0/0/0/0/0/0 Lore% 11 Gallery% 5 Achievement% 6 Wizard Run 0 Options --------- ASCII 0 Keyboard 0 Movement Mouse Keybinds 0 Fullscreen 1 Font 12/Smallcaps Map View 83x54 Tactical HUD 1 Map Filters NONE Filters NONE Steam X RUN: 0de51284-8800-45ad-99e2-7bc08e334f75